 Dungeon Sprint DCSS version 0.28.0-53-g5a82cb258f (webtiles) character file.

Game seed: 12903938193732531851

651 Zeld the Cleaver (level 7, -1/74 HPs)
             Began as a Minotaur Berserker on June 8, 2022.
             Was a Believer of Trog.
             Succumbed to Sonja's poison
             ... in the Dungeon (Sprint I: "Red Sonja").
             The game lasted 00:01:00 (915 turns).

Zeld the Cleaver (Minotaur Berserker)                Turns: 915, Time: 00:01:01

Health: -1/74      AC:  2    Str: 23    XL:     7   Next: 28%
Magic:  6/6        EV: 14    Int:  4    God:    Trog [**....]
Gold:   499        SH:  0    Dex: 10    Spells: 6/6 levels left

rFire   . . .      SeeInvis .   a - +0 hand axe
rCold   . . .      Faith    .   (no shield)
rNeg    . . .      Spirit   .   b - +0 animal skin
rPois   .          Reflect  .   (helmet restricted)
rElec   .          Harm     .   (no cloak)
rCorr   .          Rampage  .   (no gloves)
Will    .....      NoTele   +   (no boots)
Stlth   +.........              (no amulet)
HPRegen 0.22/turn               (no ring)
MPRegen 0.10/turn               (no ring)

@: lethally poisoned (-1 -> -81), on berserk cooldown, slowed, very slow
A: horns 2, retaliatory headbutt
a: Renounce Religion, Berserk, Trog's Hand


You were in the Dungeon.
You worshipped Trog.
Trog was pleased with you.
You visited 1 branch You collected 499 gold pieces.

Inventory:

Hand Weapons
 a - a +0 hand axe (weapon)
Armour
 b - a +0 animal skin (worn)
Wands
 i - a wand of digging (2)
Scrolls
 h - a scroll of blinking
Potions
 c - a potion of curing
 e - a potion of haste
 f - 2 potions of magic
 g - a potion of berserk rage


   Skills:
 * Level 11.5 Fighting
 * Level 11.5 Axes
 + Level 8.1 Armour
 + Level 7.4 Dodging


You had 6 spell levels left.
You didn't know any spells.
Your spell library was empty.

Dungeon Overview and Level Annotations

Branches:
Dungeon (1/1)

Altars:
Cheibriados
Dithmenos
Elyvilon
Fedhas
Gozag
Hepliaklqana
Kikubaaqudgha
Makhleb
Nemelex Xobeh
Okawaru
Qazlal
Ru
Sif Muna
Trog
Uskayaw
Vehumet
Wu Jian
Xom
Yredelemnul
Zin
The Shining One
Jiyva
Lugonu

Shops:
D (

Annotations:
D Sonja


Innate Abilities, Weirdness & Mutations

You have a pair of horns on your head.
You reflexively headbutt those who attack you in melee.


Message History

There is an open door here.
You miss Sonja.
You feel extremely sick.
Sonja hits you with a +0 dagger of venom.
You are more poisoned.
Sonja closely misses you.
Sonja hits you with a +0 dagger of venom.
Unknown command.
You slice Sonja!! Your headbutt misses Sonja.
Sonja is severely wounded.
You feel very sick.
Sonja hits you with a +0 dagger of venom.
You are lethally poisoned!
Sonja hits you with a +0 dagger of venom.
You are more poisoned.
Sonja barely misses you.
You miss Sonja. Your headbutt misses Sonja.
Sonja is severely wounded.
You feel extremely sick.
Sonja hits you with a +0 dagger of venom.
* * * LOW HITPOINT WARNING * * *
You are more poisoned.
Sonja completely misses you.
Sonja hits you with a +0 dagger of venom.
* * * LOW HITPOINT WARNING * * *
You are more poisoned.
You completely miss Sonja. Your headbutt misses Sonja.
Sonja is severely wounded.
You are no longer berserk.
You are exhausted.
You feel as though you will be slow longer.
* * * LOW HITPOINT WARNING * * *
You feel extremely sick. Sonja misses you. You furiously retaliate!
You headbutt Sonja! Sonja misses you.
Sonja hits you with a +0 dagger of venom.
* * * LOW HITPOINT WARNING * * *
You are more poisoned.
You feel much better.
You die...

#<.#..)..#..'..#__#..+
#..').#..').#..'..'..#
#..#####'#####'#__####
#..####..#...#.####
#..#__####..##.#
#..#_____##'#_.+
#⌠⌠#_.∩...†..._#
##.#_..__##_K#'#
#..#_____###@#.#
########## #.### +$.$+
#$.$# ##.## #+#


You could see Sonja.

Vanquished Creatures
  A slime creature (D)
  Sigmund (D)
  A yak (D)
  An ogre (D)
  A jelly (D)
  Ijyb (D)
6 creatures vanquished.

Notes
Turn   | Place    | Note
-------+----------+-------------------------------------------
     0 | D        | Zeld the Minotaur Berserker began the quest for the Orb.
     0 | D        | Reached XP level 1. HP: 19/19 MP: 0/0
     1 | D        | Noticed Ijyb
     7 | D        | Killed Ijyb
     8 | D        | Reached skill level 5 in Fighting
     8 | D        | Reached skill level 5 in Axes
     8 | D        | Reached XP level 2. HP: 29/29 MP: 1/1
   100 | D        | Noticed an ogre
   103 | D        | Killed an ogre
   104 | D        | Reached skill level 5 in Armour
   104 | D        | Reached XP level 3. HP: 39/39 MP: 2/2
   104 | D        | Reached XP level 4. HP: 47/47 MP: 3/3
   343 | D        | Noticed Sigmund
   350 | D        | Killed Sigmund
   350 | D        | Reached ** piety under Trog
   351 | D        | Reached skill level 5 in Dodging
   351 | D        | Reached XP level 5. HP: 57/57 MP: 4/4
   351 | D        | Reached XP level 6. HP: 64/64 MP: 5/5
   542 | D        | Found a burning altar of Makhleb.
   542 | D        | Found a viscous altar of Jiyva.
   542 | D        | Found a shimmering altar of Xom.
   542 | D        | Found a corrupted altar of Lugonu.
   542 | D        | Noticed a slime creature
   549 | D        | Killed a slime creature
   550 | D        | Reached skill level 10 in Fighting
   550 | D        | Reached skill level 10 in Axes
   656 | D        | Found an ornate altar of the Wu Jian Council.
   656 | D        | Found a shimmering blue altar of Sif Muna.
   658 | D        | Found a radiant altar of Vehumet.
   752 | D        | Found Badob's Weapon Emporium.
   752 | D        | Found an ancient bone altar of Kikubaaqudgha.
   752 | D        | Found a hazy altar of Hepliaklqana.
   752 | D        | Found a hide-covered altar of Uskayaw.
   752 | D        | Found a basalt altar of Yredelemnul.
   752 | D        | Found an opulent altar of Gozag.
   752 | D        | Found a snail-covered altar of Cheibriados.
   752 | D        | Found a sacrificial altar of Ru.
   752 | D        | Found a shadowy altar of Dithmenos.
   752 | D        | Noticed a yak
   754 | D        | Found a stormy altar of Qazlal.
   754 | D        | Found a blossoming altar of Fedhas.
   754 | D        | Found a bloodstained altar of Trog.
   754 | D        | Found an iron altar of Okawaru.
   754 | D        | Found a glowing golden altar of the Shining One.
   754 | D        | Found a glowing silver altar of Zin.
   754 | D        | Found a white marble altar of Elyvilon.
   758 | D        | Killed a yak
   759 | D        | Reached XP level 7. HP: 74/74 MP: 6/6
   760 | D        | Found a sparkling altar of Nemelex Xobeh.
   904 | D        | Noticed Sonja
   914 | D        | HP: 1/74 [Sonja/+0 dagger of venom (3)]
   915 | D        | Succumbed to Sonja's poison

Illustrated notes

Levels and vault maps discovered:
D:        dungeon_sprint_1 [red_sonja_temple_1, red_sonja_temple_small_1]

Skill      XL: |  1  2  3  4  5  6 |
---------------+-------------------+-----
Fighting       | 5 7 9 11 | 11.5
Axes           | 5 7 9 11 | 11.5
Armour         | 3 5 6 8 |  8.1
Dodging        | 3 4 5 7 |  7.4

Action                   |  1- 3 |  4- 6 |  7- 9 || total
-------------------------+-------+-------+-------++-------
Melee: Hand axe          |     6 |    18 |     6 ||    30
       Headbutt          |     3 |     4 |       ||     7
Invok: Berserk           |     2 |     4 |     1 ||     7
Evoke: Wand              |     1 |       |       ||     1
  Use: Potion            |       |       |     1 ||     1
Armor: Animal skin       |       |     2 |     2 ||     4
Dodge: Dodged            |     2 |     5 |     8 ||    15
